 Dungeon Crawl Stone Soup version 0.28-a0-512-g960c72b710 (webtiles) character file.

Game seed: 11948001629448336150

45 Lekart the Slasher (level 3, -3/25 (30) HPs)
             Began as a Draconian Gladiator on Sept 22, 2021.
             Slain by Terence (4 damage)
             ... on level 2 of the Dungeon.
             The game lasted 00:01:16 (1172 turns).

Lekart the Slasher (Draconian Gladiator)            Turns: 1172, Time: 00:01:16

HP:   -3/25 (30)    AC:  5    Str: 16    XL:     3   Next: 42%
MP:   3/3           EV: 10    Int:  8    God:
Gold: 42            SH:  7    Dex: 13    Spells: 2/2 levels left

rFire   . . .      SeeInvis .   a - +0 long sword
rCold   . . .      Faith    .   i - +0 kite shield
rNeg    . . .      Spirit   .   (armour unavailable)
rPois   .          Reflect  .   b - +0 hat
rElec   .          Harm     .   (no cloak)
rCorr   .          Rampage  .   (no gloves)
Will    .....                   (no boots)
Stlth   +.........              (no amulet)
HPRegen 0.08/turn               (no ring)
MPRegen 0.08/turn               (no ring)

@: heavily drained
A: AC +5, unfitting armour, cold-blooded
a: no special abilities


You were on level 2 of the Dungeon.
You visited 1 branch of the dungeon, and saw 2 of its levels.

You collected 42 gold pieces.

Inventory:

Hand Weapons
 a - a +0 long sword (weapon)
Missiles
 c - 3 throwing nets (quivered)
Armour
 b - a +0 hat (worn)
 i - a +0 kite shield (worn)
Scrolls
 e - a scroll of noise {unknown}
 h - 2 scrolls of identify
 j - a scroll of enchant weapon {unknown}
Potions
 d - a potion of magic {unknown}
 f - a potion of curing {unknown}
 g - a potion of lignification {unknown}


   Skills:
 + Level 2.6 Fighting
 + Level 3.8 Long Blades
 + Level 1.9 Throwing
 + Level 3.2 Dodging


You had 2 spell levels left.
You didn't know any spells.
Your spell library contained the following spells:

 Spells                   Type           Power      Damage    Failure   Level
 Slow                     Hex            0%         N/A       99%         2
 Confusing Touch          Hex            0%         N/A       100%        3
 Vampiric Draining        Necr           0%         2d6       100%        3


Dungeon Overview and Level Annotations

Branches:
Dungeon (2/15)

Altars:

Annotations:
D:2 Terence


Innate Abilities, Weirdness & Mutations

Your plain brown scales are hard. (AC +5)
You cannot fit into any form of body armour.
You are cold-blooded and may be slowed by cold attacks.


Message History

The kobold misses you.
A kobold is nearby!
You closely miss the kobold. You block the kobold's attack.
A kobold is nearby!
You hit the kobold. You tail-slap the kobold.
You kill the kobold!
Things that are here:
a +0 club; a kobold corpse No target in view!
Terence the Incautious comes into view.
He is wielding a +4 mace of draining.
Terence shouts!
Terence is nearby!
Terence is nearby!
You block Terence's attack.
Terence is nearby!
You hit Terence.
Terence is lightly wounded.
Terence hits you with a +4 mace of draining!
You feel drained.
Terence is nearby!
You barely miss Terence.
Your tail-slap misses Terence.
Terence is lightly wounded.
You block Terence's attack.
Terence hits you with a +4 mace of draining.
You feel drained.
Terence is nearby!
You completely miss Terence.
Terence is lightly wounded.
Terence hits you with a +4 mace of draining!
You feel drained.
You are too injured to fight recklessly!
You are too injured to fight recklessly!
Terence says, "You're history."
You barely miss Terence.
Your tail-slap misses Terence.
Terence is lightly wounded.
You block Terence's attack.
Terence hits you with a +4 mace of draining!
* * * LOW HITPOINT WARNING * * *
You feel drained.
You die...

## .. ##. ..
##.###.
.......########
.........@@...#
#...##.######.#
# #. #.# #. #.#
#. #.#### ..
#.##.## ##
#.#.#.##
##..###.###
##.........#


You could see Terence.

Vanquished Creatures
  4 dart slugs (D:1)
  A bat (D:1)
  5 endoplasms
  5 giant cockroaches
  3 goblins
  6 hobgoblins
  A quokka (D:1)
  2 ball pythons (D:1)
  2 frilled lizards
  A kobold (D:2)
  2 rats
32 creatures vanquished.

Notes
Turn   | Place    | Note
-------+----------+-------------------------------------------
     0 | D:1      | Lekart the Draconian Gladiator began the quest for the Orb.
     0 | D:1      | Reached XP level 1. HP: 17/17 MP: 1/1
   166 | D:1      | Reached XP level 2. HP: 22/25 MP: 2/2
   496 | D:1      | Reached XP level 3. HP: 29/30 MP: 3/3
  1162 | D:2      | Noticed Terence
  1172 | D:2      | HP: 1/26 [Terence (9)]
  1172 | D:2      | Slain by Terence

Illustrated notes

Levels and vault maps discovered:
D:1:      shiori_arrival_maze, layout_rooms, solitary_fountain
D:2:      layout_loops_corners, uniq_terence

Skill      XL: |  1  2 |
---------------+-------+-----
Dodging        | 3 |  3.2
Fighting       | |  2.6
Long Blades    | |  3.8
Throwing       | |  1.9

Action                   || total
-------------------------++-------
Melee: Long sword        ||    73
       Tailslap          ||    11
  Use: Scroll            ||     1
Armor: Skin              ||    19
Dodge: Dodged            ||    42
Block: Kite shield       ||    10

Table legend: (Time is in decaauts)
 A = Elapsed time spent in this place.
 B = Non-inter-level travel time spent in this place.
 C = Inter-level travel time spent in this place.
 D = Time resting spent in this place.
 E = Time spent auto-exploring this place.
 F = Levels seen in this place.
 G = Mean time per level.
                   A        B        C        D        E       F      G
               +--------+--------+--------+--------+--------+-----+--------+
         Total |   1194 |   1182 |     12 |      0 |    956 |   2 |  597.0 |
       Dungeon |   1194 |   1182 |     12 |      0 |    956 |   2 |  597.0 |
               +--------+--------+--------+--------+--------+-----+--------+

Top non-repeatable levels by time:
     D:1: 703 daAuts
     D:2: 491 daAuts
